 Dungeon Crawl Stone Soup version 0.20-a0-1050-g57248f3 (webtiles) character file.

3737 smeego the Transmogrifier (level 10, -2/79 HPs)
             Began as a Gnoll Transmuter on Apr 25, 2017.
             Was a Follower of Ashenzari.
             Shot with an arrow by a centaur (7 damage)
             ... on level 8 of the Dungeon.
             The game lasted 00:24:32 (9205 turns).

smeego the Transmogrifier (Gnoll Transmuter)        Turns: 9205, Time: 00:24:33

Health: -2/79      AC:  5    Str: 10    XL:     10   Next: 15%
Magic:  23/30      EV: 16    Int: 17    God:    Ashenzari [*.....]
Gold:   474        SH:  0    Dex: 14    Spells: 10/24 levels left

rFire    . . .     SeeInvis .     - Unarmed
rCold    . . .     Gourm    .   (no shield)
rNeg     . . .     Faith    .   b - +0 robe (curse)
rPois    .         Spirit   .   g - +0 helmet (curse)
rElec    .         Reflect  .   (no cloak)
rCorr    .         Harm     .   (no gloves)
MR       .....                  i - +1 pair of boots (curse)
Stlth    +++.......             (no amulet)
Regen    0.3/turn               (no ring)
MPRegen  0.3/turn               t - ring of magical power (curse)

@: no status effects
A: short attention span, fangs 1, strong nose
a: Curse Item, Scrying, Renounce Religion


You were on level 8 of the Dungeon.
You worshipped Ashenzari.
Ashenzari was aware of your devotion.
You were not hungry.

You visited 2 branches of the dungeon, and saw 9 of its levels.

You collected 474 gold pieces.

Inventory:

Hand Weapons
 q - the +3 giant club "Skullcrusher" {speed, Str+7}
   (You found it on level 7 of the Dungeon)

   Attacks with this weapon are significantly faster.
   It affects your strength (+7).
Missiles
 a - 117 arrows
Armour
 b - a cursed +0 robe (worn)
 g - a cursed +0 helmet (worn)
 i - a cursed +1 pair of boots (worn)
 x - the cursed +0 ring mail of the Well-Known Spirits {+Blink Int+4 Dex+2}
   (You found it on level 6 of the Dungeon)

   It affects your intelligence (+4).
   It affects your dexterity (+2).
   It lets you blink.
   It has a curse placed upon it.
Jewellery
 l - an uncursed ring of loudness
 t - a cursed ring of magical power (right hand)
 w - an uncursed amulet of guardian spirit
Wands
 f - a wand of confusion (23/48)
 s - a wand of confusion (29/48)
Scrolls
 m - 4 scrolls of identify
 r - a scroll of fear
 u - 2 scrolls of recharging
 y - 2 scrolls of amnesia
 B - a scroll of enchant weapon
Potions
 e - 3 potions of mutation
 h - a potion of cancellation {unknown}
 k - 2 potions of flight
 o - a potion of degeneration
 p - 2 potions of lignification
 C - a potion of curing
Books
 c - a book of Changes

   Spells                             Type                      Level
   a - Beastly Appendage              Transmutation                1
   b - Sticks to Snakes               Transmutation                2
   c - Spider Form                    Transmutation/Poison         3
   d - Ice Form                       Ice/Transmutation            4
   e - Blade Hands                    Transmutation                5
 n - a book of Minor Magic

   Spells                             Type                      Level
   a - Magic Dart                     Conjuration                  1
   b - Blink                          Translocation                2
   c - Call Imp                       Summoning                    2
   d - Slow                           Hexes                        2
   e - Conjure Flame                  Conjuration/Fire             3
   f - Mephitic Cloud                 Conjuration/Poison/Air       3
Comestibles
 d - 2 bread rations
 j - 8 fruits
 v - 2 meat rations
 z - a royal jelly


   Skills:
 - Level 7.0 Fighting
 * Level 5.3 Armour
 - Level 7.0 Dodging
 * Level 4.0 Stealth
 - Level 7.3 Unarmed Combat
 * Level 7.8 Spellcasting
 * Level 5.7 Conjurations
 * Level 6.4 Summonings
 - Level 9.0 Transmutations
 * Level 2.3 Evocations


You had 10 spell levels left.
You knew the following spells:

 Your Spells              Type           Power        Failure   Level  Hunger
a - Beastly Appendage     Tmut           #####.       1%          1    None
b - Sticks to Snakes      Tmut           #####...     1%          2    None
c - Spider Form           Tmut/Pois      ###.......   4%          3    #......
d - Blade Hands           Tmut           #####.....   7%          5    #####..
e - Magic Dart            Conj           ####         1%          1    None
f - Call Imp              Summ           ####....     1%          2    None


Dungeon Overview and Level Annotations

Branches:
Dungeon (8/15)             Temple (1/1) D:4
   Lair: D:8-11

Altars:
Ashenzari
Cheibriados
Fedhas
Gozag
Hepliaklqana
Makhleb
Nemelex Xobeh
Okawaru
Qazlal
Trog
Uskayaw
Wu Jian
Xom
Yredelemnul
Zin
The Shining One

Annotations:
D:6 Aizen's ghost, novice DsMo


Innate Abilities, Weirdness & Mutations

You have a short attention span.
You have very sharp teeth.
Your uncanny sense of smell can sniff out nearby items.


Message History

The centaur shoots an arrow.
The arrow hits you!
* * * LOW HITPOINT WARNING * * *
You see here an arrow.
Casting: Magic Dart
Confirm with . or Enter, or press ? or * to list all spells.
Okay, then.
Casting: Magic Dart
Confirm with . or Enter, or press ? or * to list all spells.
You create 3 snakes!
You now have 119 arrows.
Something hits your water moccasin! x2
Casting: Sticks to Snakes
Confirm with . or Enter, or press ? or * to list all spells.
You create 2 snakes!
You now have 117 arrows.
Your water moccasin bites the centaur.
The centaur is poisoned.
Your water moccasin poisons the centaur!
The centaur unwields an uncursed rapier.
The centaur wields a shortbow.
The centaur shoots an arrow.
The arrow closely misses your ball python.
The arrow hits you!
You die...

##.. ..... # ###..
..(.. ..#######...
..... ..........#
....< ##......#
..... ##......S##
..... #......c.S##
.....
#....ยง(##SS##
.....
###[##.....####@S##
#.#.. ...)...((.##
##..## ###..
8...(...8.# ##..##
#. ..........#
##..###
8.......8..#
##...##
...%)..c...#
##...##
8..._...8..#
#....##
...###......
##....## # #..
........ ##....##
##.


You could see a centaur, 3 friendly water moccasins, a friendly adder and a
friendly ball python.

Vanquished Creatures
  Pikel (D:4)
  Prince Ribbit (D:8)
  A vampire (D:8)
  A wyvern (D:8)
  A hungry ghost (D:8)
  An orc warrior (D:7)
  A necrophage (D:6)
  An ice beast (D:7)
  5 phantoms
  4 ogres
  3 centaurs
  3 bullfrogs
  A scorpion (D:7)
  8 wights
  2 howler monkeys
  3 bullfrog zombies
  2 crimson imps
  2 jellies
  4 hounds
  3 orc priests
  2 centaur skeletons
  A bullfrog skeleton (D:5)
  4 worker ants
  2 hound zombies
  A hound skeleton (D:6)
  2 howler monkey zombies
  Robin (D:2)
  8 adders
  A shadow imp (D:6)
  An ooze (D:4)
  An adder skeleton (D:4)
  7 worms
  2 dart slugs
  9 leopard geckos
  13 orcs
  4 giant cockroaches
  14 goblins
  13 hobgoblins
  4 kobolds
  7 quokkas
  A ball python (D:1)
  7 bats
  8 frilled lizards
  A jackal skeleton (D:8)
  6 rats
168 creatures vanquished.

Vanquished Creatures (collateral kills)
  A shadow imp (D:7)
  2 orcs (D:7)
  A quokka (D:7)
4 creatures vanquished.

Vanquished Creatures (others)
  A howler monkey skeleton (D:4)
  An orc (D:4)
2 creatures vanquished.

Grand Total: 174 creatures vanquished

Notes
Turn   | Place    | Note
-------+----------+-------------------------------------------
     0 | D:1      | smeego the Gnoll Transmuter began the quest for the Orb.
     0 | D:1      | Reached XP level 1. HP: 15/15 MP: 4/4
   242 | D:1      | Reached skill level 1 in Stealth
   242 | D:1      | Reached XP level 2. HP: 21/21 MP: 4/6
  1008 | D:1      | Reached skill level 4 in Transmutations
  1040 | D:2      | Reached XP level 3. HP: 17/27 MP: 4/7
  1049 | D:2      | Learned a level 2 spell: Sticks to Snakes
  1053 | D:2      | Learned a level 3 spell: Spider Form
  1059 | D:2      | Noticed Robin
  1090 | D:2      | Killed Robin
  1493 | D:2      | Reached XP level 4. HP: 19/34 MP: 5/9
  2090 | D:2      | Found a bloodstained altar of Trog.
  2098 | D:2      | Reached skill level 5 in Unarmed Combat
  2249 | D:3      | Found a basalt altar of Yredelemnul.
  2319 | D:3      | Reached XP level 5. HP: 40/41 MP: 5/11
  2374 | D:3      | Learned a level 5 spell: Blade Hands
  3001 | D:4      | Found a staircase to the Ecumenical Temple.
  3026 | Temple   | Entered the Ecumenical Temple
  3121 | Temple   | Became a worshipper of Ashenzari the Shackled
  3243 | D:4      | Reached skill level 5 in Transmutations
  3279 | D:4      | Reached XP level 6. HP: 41/47 MP: 9/13
  3347 | D:4      | Noticed a phantom
  3373 | D:4      | Killed a phantom
  3373 | D:4      | Reached skill level 5 in Spellcasting
  3421 | D:4      | Noticed a slave
  3421 | D:4      | Noticed a slave
  3422 | D:4      | Noticed a slave
  3422 | D:4      | Noticed a slave
  3424 | D:4      | Noticed Pikel
  3546 | D:4      | Learned a level 1 spell: Magic Dart
  3549 | D:4      | Learned a level 2 spell: Call Imp
  3607 | D:4      | Found a sparkling altar of Nemelex Xobeh.
  3626 | D:4      | Killed Pikel
  3626 | D:4      | Reached skill level 7 in Transmutations
  3626 | D:4      | Reached XP level 7. HP: 53/53 MP: 9/16
  4386 | D:5      | Entered Level 5 of the Dungeon
  4458 | D:5      | Reached XP level 8. HP: 60/60 MP: 15/17
  4689 | D:5      | Reached skill level 8 in Transmutations
  5405 | D:6      | Found a bloodstained altar of Trog.
  5437 | D:6      | Found a burning altar of Makhleb.
  5456 | D:6      | Reached skill level 5 in Summonings
  5476 | D:6      | Identified the cursed +0 ring mail of the Well-Known Spirits {+Blink Int+4 Dex+2}
  5533 | D:6      | Noticed Aizen's ghost (novice DsMo)
  5558 | D:7      | Reached skill level 5 in Conjurations
  5560 | D:7      | Found an ornate altar of the Wu Jian Council.
  5714 | D:7      | Reached * piety under Ashenzari
  5729 | D:7      | Reached XP level 9. HP: 60/64 MP: 20/20
  5750 | D:7      | Found an opulent altar of Gozag.
  5928 | D:7      | Reached skill level 1 in Armour
  6518 | D:6      | HP: 3/66 [acid (2)]
  7002 | D:6      | Reached skill level 5 in Fighting
  7121 | D:7      | Reached skill level 5 in Dodging
  7475 | D:7      | Found a hazy altar of Hepliaklqana.
  8080 | D:6      | Reached skill level 9 in Transmutations
  8519 | D:8      | HP: 1/71 [centaur/enchanted shortbow (4)]
  8902 | D:8      | Noticed Prince Ribbit
  8908 | D:8      | Killed Prince Ribbit
  8908 | D:8      | Reached skill level 5 in Armour
  8908 | D:8      | Reached skill level 1 in Evocations
  8908 | D:8      | Reached XP level 10. HP: 79/79 MP: 17/21
  9185 | D:8      | Found a hide-covered altar of Uskayaw.
  9205 | D:8      | Shot with an arrow by a centaur

Vault maps used:
D:1:      dpeg_arrival_chambers_temple_mockup, st_stairs_12
D:2:      trog_butcher_becter, uniq_robin
D:3:      old_standard_altar
D:4:      lemuel_upstairs_altar, nemelex_xobeh_ov_fountains_minmay,
          temple_green, uniq_pikel
D:5:      first_bread, serial_bayou_ford_a
D:6:      makhleb_blood_cavern_becter, minivault_27, bloody_trog
D:7:      kennysheep_mini, overflow_temple_1_default, grunt_gozag_breadcrumbs
D:8:      eat_drink_and_be_merry_uskayaw, hangedman_pestilent_swarm,
          uniq_prince_ribbit1
Temple:   dpeg_three_leaves_temple

Skill      XL: |  1  2  3  4  5  6  7  8  9 10 |
---------------+-------------------------------+-----
Stealth        | 1 2 3 4 |  4.0
Transmutations | 4 5 7 8 9 |  9.0
Fighting       | 2 3 7 |  7.0
Spellcasting   | 4 6 7 |  7.8
Unarmed Combat | 5 7 |  7.3
Dodging        | 4 6 7 |  7.0
Conjurations   | 3 5 |  5.7
Summonings     | 3 5 6 |  6.4
Armour         | 5 |  5.3
Evocations     | 1 2 |  2.3

Action                   |  1- 3 |  4- 6 |  7- 9 | 10-12 || total
-------------------------+-------+-------+-------+-------++-------
Melee: Unarmed           |   109 |   163 |   293 |    25 ||   590
       Bite              |     7 |     5 |    17 |     4 ||    33
       Headbutt          |     6 |     3 |       |       ||     9
       Kick              |     6 |     6 |       |       ||    12
       Punch             |     1 |     1 |     2 |     1 ||     5
 Cast: Beastly Appendage |    22 |    15 |       |       ||    37
       Spider Form       |     2 |    18 |    19 |       ||    39
       Blade Hands       |       |     2 |    14 |     2 ||    18
       Magic Dart        |       |       |     2 |     3 ||     5
       Call Imp          |       |       |    15 |     7 ||    22
       Sticks to Snakes  |       |       |     4 |     2 ||     6
Invok: Curse Item        |       |     1 |     3 |       ||     4
 Abil: End Transformatio |       |       |     1 |       ||     1
Evoke: Wand              |       |       |     1 |       ||     1
  Use: Potion            |     3 |       |     7 |       ||    10
       Scroll            |       |     5 |     5 |     2 ||    12
 Stab: Sleeping          |     1 |     2 |     4 |       ||     7
       Distracted        |       |       |     3 |       ||     3
  Eat: Chunk             |     2 |    10 |     9 |       ||    21
       Bread ration      |       |       |     4 |       ||     4
Armor: Robe              |    22 |    10 |    27 |       ||    59
       Skin              |     3 |     2 |    24 |       ||    29
Dodge: Dodged            |    97 |   117 |   228 |    17 ||   459
